 Dungeon Crawl Stone Soup version 0.24-a0-779-g36f0aeb843 (webtiles) character file.

Game seed: 11080038247940593647, levelgen mode: deterministic

85 Flugkiller the Chucker (level 4, -1/30 HPs)
             Began as an Octopode Hunter on Oct 8, 2019.
             Was an Initiate of Dithmenos.
             Slain by an orc
             ... wielding a +0 hand axe of electrocution
              (20 damage)
             ... on level 3 of the Dungeon.
             The game lasted 00:02:33 (1843 turns).

Flugkiller the Chucker (Octopode Hunter)            Turns: 1843, Time: 00:02:34

Health: -1/30      AC:  8    Str: 11    XL:     4   Next: 48%
Magic:  4/4        EV: 13    Int: 13    God:    Dithmenos [......]
Gold:   83         SH:  0    Dex: 13    Spells: 3/3 levels left

rFire    . . .     SeeInvis .   a - +2 short sword (protect)
rCold    . . .     Gourm    .   (no shield)
rNeg     . . .     Faith    .   (helmet restricted)
rPois    .         Spirit   .   k - amulet of the acrobat
rElec    .         Reflect  .   (no ring)
rCorr    .         Harm     .   (no ring)
MR       .....                  (no ring)
Stlth    ++++......             (no ring)
HPRegen  0.10/turn              (no ring)
MPRegen  0.09/turn              (no ring)
                                (no ring)
                                (no ring)

@: protection aura
A: almost no armour, stealthy swim, amphibious, 8 rings, constrict 8, camouflage
1, gelatinous body 1
a: Renounce Religion


You were on level 3 of the Dungeon.
You worshipped Dithmenos.
Dithmenos was noncommittal.
You were not hungry.

You visited 1 branch of the dungeon, and saw 3 of its levels.

You collected 83 gold pieces.

Inventory:

Hand Weapons
 a - a +2 short sword of protection (weapon)
   (You took it off a kobold on level 1 of the Dungeon)
Missiles
 b - 6 javelins (quivered)
 c - 2 throwing nets
 p - 21 poisoned darts
Jewellery
 k - an amulet of the acrobat (around mantle)
   (You found it on level 1 of the Dungeon)
Scrolls
 e - a scroll of magic mapping
 f - 3 scrolls of remove curse
 i - a scroll of enchant armour {unknown}
 n - a scroll of fear {unknown}
 o - a scroll of teleportation
Potions
 g - a potion of heal wounds {unknown}
 h - a potion of flight
 l - 2 potions of resistance
 m - 3 potions of curing
Comestibles
 d - 6 rations
 j - 2 chunks of flesh


   Skills:
 + Level 2.9 Fighting
 + Level 4.5 Throwing
 - Level 2.0 Dodging
 - Level 4.0 Stealth


You had 3 spell levels left.
You didn't know any spells.
Your spell library was empty.

Dungeon Overview and Level Annotations

Branches:
Dungeon (3/15)

Altars:
Dithmenos
Makhleb

Annotations:
D:2 exclusion: orc warrior


Innate Abilities, Weirdness & Mutations

You cannot wear most types of armour.
You are very stealthy in the water. (Stealth+)
You are amphibious.
You can wear up to eight rings at the same time.
You can use your tentacles to constrict eight enemies at once.
Your skin changes colour to match your surroundings (Stealth+).
Your rubbery body absorbs attacks. (AC +1, EV +1)


Message History

The kobold closely misses you.
You hit the kobold.
Your weapon exudes an aura of protection.
You kill the kobold!
Dithmenos accepts your kill.
The kobold throws a stone.
The stone hits you but does no damage.
The kobold throws a stone.
The stone completely misses you.
You see here a +0 short sword.
The kobold throws a stone.
The stone misses you.
Found 13 stones.
The kobold throws a stone.
The stone completely misses you.
The kobold throws a stone.
The stone completely misses you. The kobold hits you with a +0 whip.
You barely miss the kobold.
The orc shouts! x2
Your grab misses the kobold.
You hear a shout!
The kobold hits you with a +0 whip. The kobold misses you.
You hit the kobold but do no damage.
Your weapon exudes an aura of protection.
Your grab misses the kobold. You squeeze the kobold.
You kill the kobold!
Dithmenos accepts your kill. The orc misses you.
Press: ? - help, v - describe, . - travel
Here: an orc, wielding a +0 hand axe of electrocution The floor.
You see here a +0 short sword.
An orc comes into view. It is wielding a +0 club.
You see here a stone.
The orc wizard casts a spell.
The orc wizard seems to speed up.
You see here 3 stones.
The orc wizard casts a spell.
The orc wizard blinks!
Things that are here:
a chunk of flesh; an adder skeleton The orc wizard casts a spell at you.
The magic dart hits you!
The orc wizard mumbles some strange words.
The orc wizard blinks!
There is a stone staircase leading up here.
You hit the orc.
Your weapon exudes an aura of protection.
You grab the orc.
The orc is moderately wounded.
You constrict the orc. The orc hits you but does no damage.
You are electrocuted!!
Ouch! That really hurt!
You die...

.......#######.......
###......##...........
..<...........#...#.#
#........o....#...#.
#.†......%.(()....).
##......§..####...$.
.#####.......##...#......
........o....#...)$......
######..@oo.)............
##....)#............
##...##............
#######...........
##...#...#.. ###########


You could see an orc wizard and 3 orcs.

Vanquished Creatures
  Terence (D:2)
  2 adders
  A dart slug (D:1)
  2 leopard geckos (D:1)
  2 orcs (D:3)
  A giant cockroach (D:1)
  2 hobgoblins (D:1)
  4 jackals (D:1)
  7 kobolds
  2 bats (D:1)
  4 frilled lizards
  4 goblins
  4 rats
36 creatures vanquished.

Notes
Turn   | Place    | Note
-------+----------+-------------------------------------------
     0 | D:1      | Flugkiller the Octopode Hunter began the quest for the Orb.
     0 | D:1      | Reached XP level 1. HP: 14/14 MP: 1/1
   208 | D:1      | Reached XP level 2. HP: 15/19 MP: 2/2
   632 | D:1      | Reached XP level 3. HP: 24/24 MP: 3/3
   958 | D:2      | Found a shadowy altar of Dithmenos.
   986 | D:2      | Became a worshipper of Dithmenos the Shadowed
  1049 | D:2      | Noticed Terence
  1061 | D:2      | Killed Terence
  1139 | D:2      | Found a burning altar of Makhleb.
  1404 | D:2      | Reached XP level 4. HP: 30/30 MP: 4/4
  1541 | D:2      | Noticed an orc warrior
  1843 | D:3      | Slain by an orc

Levels and vault maps discovered:
D:1:      lordsloth_arrival_two_stooges, layout_loops_corners,
          wander_ebering_terrifying_dragon_lair
D:2:      layout_basic, grunt_dithmenos_smoke, bloody_makhleb, uniq_terence
D:3:      layout_rooms, serial_rivers, chequers_serial_rivers_micro_b,
          chequers_serial_rivers_micro_d, chequers_serial_rivers_micro_b,
          chequers_serial_rivers_micro_d, uniq_robin

Skill      XL: |  1  2 |
---------------+-------+-----
Stealth        | 3 4 |  4.0
Fighting       | |  2.9
Throwing       | |  4.5
Dodging        | |  2.0

Action                   |  1- 3 |  4- 6 || total
-------------------------+-------+-------++-------
Melee: Short sword       |    54 |    19 ||    73
       Constrict         |     9 |     4 ||    13
       Tentacles         |    11 |     3 ||    14
  Use: Scroll            |     6 |     1 ||     7
 Stab: Sleeping          |    10 |     3 ||    13
  Eat: Chunk             |     1 |     2 ||     3
Armor: Skin              |     6 |     4 ||    10
Dodge: Dodged            |    37 |    17 ||    54

Table legend:
 A = Non-vault XP
 B = Vault XP
 C = Vault XP percentage of total XP
 D = Non-vault monster count
 E = Vault monster count
 F = Vault count percentage of total count
                 A         B        C        D         E       F
            +---------+---------+-------+---------+---------+-------
      Total |      85 |      37 |  30.3 |      34 |       2 |   5.6
            +---------+---------+-------+---------+---------+-------
        D:1 |      42 |       1 |   2.3 |      22 |       1 |   4.3
        D:2 |      20 |      36 |  64.3 |       6 |       1 |  14.3
        D:3 |      23 |       0 |   0.0 |       6 |       0 |   0.0
            +---------+---------+-------+---------+---------+-------
